 Dungeon Crawl Stone Soup version 0.27.1-3-gb3d3a73c9e (webtiles) character file.

Game seed: 11718051820627521704

487 Urokeeper the Covert (level 6, 0/47 HPs)
             Began as a Vampire Brigand on Oct 19, 2021.
             Was an Initiate of Dithmenos.
             Slain by a gnoll (2 damage)
             ... on level 4 of the Dungeon.
             The game lasted 00:12:52 (3585 turns).

Urokeeper the Covert (Vampire Brigand)              Turns: 3585, Time: 00:12:53

Health: 0/47       AC:  7    Str: 11    XL:     6   Next: 89%
Magic:  6/6        EV: 15    Int: 14    God:    Dithmenos [......]
Gold:   202        SH:  0    Dex: 16    Spells: 5/5 levels left

rFire    . . .     SeeInvis +   k - +0 hand axe
rCold    . . .     Faith    .   (no shield)
rNeg     . . .     Spirit   .   m - +0 ring mail
rPois    .         Reflect  .   t - +0 helmet
rElec    .         Harm     .   c - +0 cloak
rCorr    .         Rampage  .   (no gloves)
Will     .....                  (no boots)
Stlth    +++.......             (no amulet)
HPRegen  0.35/turn              p - +4 ring of evasion
MPRegen  0.10/turn              (no ring)

@: attractive, flying, healing quickly
A: alive, fangs 3, see invisible, vampiric 2
a: Exsanguinate, Renounce Religion


You were on level 4 of the Dungeon.
You worshipped Dithmenos.
Dithmenos was noncommittal.
You visited 1 branch of the dungeon, and saw 4 of its levels.

You collected 202 gold pieces.

Inventory:

Hand Weapons
 a - a +2 dagger
 k - a +0 hand axe (weapon)
Missiles
 d - 13 poisoned darts (quivered)
 y - 5 javelins
 A - 2 boomerangs of dispersal
Armour
 b - a +0 robe
 c - a +0 cloak (worn)
 j - a +0 leather armour
 m - a +0 ring mail (worn)
 t - a +0 helmet (worn)
 u - a +0 scale mail
Jewellery
 g - a ring of fire
 p - a +4 ring of evasion (left hand)
Wands
 n - a wand of digging (6)
 w - a wand of iceblast (13)
Scrolls
 f - 3 scrolls of fear {unknown}
 h - a scroll of teleportation {unknown}
 l - 2 scrolls of immolation {unknown}
 o - 2 scrolls of blinking {unknown}
 q - 3 scrolls of identify {unknown}
 r - a scroll of amnesia {unknown}
 B - a scroll of magic mapping {unknown}
 C - a scroll of enchant armour {unknown}
Potions
 i - 5 potions of attraction
 s - a potion of flight
 v - 2 potions of heal wounds
 x - a potion of degeneration {unknown}
 z - a potion of brilliance {unknown}


   Skills:
 + Level 3.6 Fighting
 + Level 4.5 Short Blades
 - Level 1.5 Throwing
 + Level 3.9 Dodging
 + Level 8.2 Stealth


You had 5 spell levels left.
You didn't know any spells.
Your spell library contained the following spells:

 Spells                   Type           Power      Damage    Failure   Level
 Freeze                   Ice            0%         1d3       56%         1
 Magic Dart               Conj           0%         1d3       56%         1
 Call Imp                 Summ           0%         N/A       71%         2
 Passwall                 Tmut/Erth      0%         N/A       71%         2
 Static Discharge         Conj/Air       0%         N/A       71%         2
 Frozen Ramparts          Ice            0%         1d2       91%         3
 Mephitic Cloud           Conj/Pois/Air  0%         N/A       91%         3
 Swiftness                Air            0%         N/A       91%         3
 Dispel Undead            Necr           0%         3d6       100%        4
 Hailstorm                Conj/Ice       0%         3d3       100%        4
 Sticky Flame             Conj/Fire      0%         2d3       100%        4
 Invisibility             Hex            0%         N/A       100%        6


Dungeon Overview and Level Annotations

Branches:
Dungeon (4/15)
 Temple: D:4-7

Altars:
Dithmenos
Fedhas
Nemelex Xobeh
Ru

Shops:
D:1 *


Innate Abilities, Weirdness & Mutations

Your natural rate of healing is accelerated.
You have razor-sharp teeth.
You have supernaturally acute eyesight. (SInv)
You are afflicted with vampirism and can become a bat while bloodless.


Message History

* * * LOW HITPOINT WARNING * * *
It was a potion of flight.
You feel very buoyant.
You fly up into the air.
The gnoll hits you with a +0 spear.
* * * LOW HITPOINT WARNING * * *
The gnoll closely misses you.
It was a potion of heal wounds.
You feel much better. The gnoll hits you with a +0 spear.
The gnoll closely misses you.
You hit the gnoll but do no damage.
The gnoll is moderately wounded.
You closely miss the gnoll. The gnoll closely misses you.
The gnoll hits you but does no damage.
You hit the gnoll.
The gnoll is heavily wounded.
You hit the gnoll but do no damage. The gnoll hits you but does no damage.
The gnoll hits you with a +0 club.
* * * LOW HITPOINT WARNING * * *
You barely miss the gnoll. You bite the gnoll.
The gnoll is severely wounded.
You hit the gnoll. The gnoll misses you. The gnoll hits you but does no damage.
The gnoll barely misses you.
You hit the gnoll.
You kill the gnoll!
Dithmenos accepts your kill.
You hit the gnoll. The gnoll closely misses you.
The gnoll hits you but does no damage.
You hit the gnoll.
The gnoll is severely wounded.
The gnoll hits you with a +0 club.
* * * LOW HITPOINT WARNING * * *
You hit the gnoll but do no damage.
The gnoll is severely wounded.
The gnoll hits you with a +0 club.
* * * LOW HITPOINT WARNING * * *
You hit the gnoll but do no damage.
The gnoll is severely wounded.
The gnoll hits you with a +0 club.
* * * LOW HITPOINT WARNING * * *
The gnoll hits you with a +0 club.
You die...

#....# #..## ##..# ###......
##..## #..# ##...#####........
#...###..# ###.....##..........
##..#....####.....#......(......
#........##.....##.>...........
#...............##..............
#..####.........##...............
..# #........##................
.# ##.......)@............#### ##
##.......g............###§ .###
##...................##§§ ...##
##...................#.§§
.....####........................
..#....#...##....................
.## #....#####...................
## ##..## ##..............#.§§ #
#..# #..............##§§


You could see a gnoll.

Vanquished Creatures
  A necrophage (D:4)
  A phantom (D:4)
  A scorpion (D:4)
  A hound (D:3)
  A gnoll shaman (D:4)
  Jessica (D:2)
  Terence (D:2)
  Robin (D:2)
  A howler monkey skeleton (D:4)
  3 gnolls (D:4)
  An adder (D:2)
  2 adder skeletons (D:4)
  3 worms (D:3)
  A dart slug (D:4)
  4 orcs (D:4)
  7 ball pythons
  4 bats
  7 endoplasms
  13 goblins
  8 hobgoblins
  4 jackals (D:3)
  2 quokkas
  6 frilled lizards
  4 kobolds
  3 rats
81 creatures vanquished.

Notes
Turn   | Place    | Note
-------+----------+-------------------------------------------
     0 | D:1      | Urokeeper the Vampire Brigand began the quest for the Orb.
     0 | D:1      | Reached XP level 1. HP: 16/16 MP: 1/1
    72 | D:1      | Reached skill level 6 in Stealth
    73 | D:1      | Found Pudgh's Assorted Antiques.
   113 | D:1      | Found a faded altar of an unknown god.
   207 | D:1      | Reached XP level 2. HP: 21/22 MP: 2/2
   876 | D:2      | Found a blossoming altar of Fedhas.
   876 | D:2      | Noticed Terence
   909 | D:2      | Killed Terence
   910 | D:2      | Gained mutation: You are afflicted with vampirism and can
                  | become a bat while bloodless. [Vampire growth]
   910 | D:2      | Reached XP level 3. HP: 19/27 MP: 3/3
  1240 | D:2      | Noticed Jessica
  1247 | D:2      | Killed Jessica
  1248 | D:2      | Reached XP level 4. HP: 34/34 MP: 4/4
  1404 | D:2      | Noticed Robin
  1419 | D:2      | Killed Robin
  2045 | D:3      | Reached skill level 7 in Stealth
  2100 | D:3      | Reached XP level 5. HP: 29/39 MP: 5/5
  2522 | D:4      | Noticed a necrophage
  2755 | D:4      | Found a sacrificial altar of Ru.
  2857 | D:4      | Killed a necrophage
  2858 | D:4      | Reached XP level 6. HP: 43/47 MP: 6/6
  3078 | D:4      | Found a sparkling altar of Nemelex Xobeh.
  3416 | D:4      | Found a shadowy altar of Dithmenos.
  3420 | D:4      | Became a worshipper of Dithmenos the Shadowed
  3444 | D:4      | Reached skill level 8 in Stealth
  3577 | D:4      | HP: 2/47 [gnoll (4)]
  3585 | D:4      | HP: 2/47 [gnoll (4)]
  3585 | D:4      | Slain by a gnoll

Illustrated notes

Levels and vault maps discovered:
D:1:      minmay_arrival_wavy_path, layout_basic, serial_shops, shop,
          hellmonk_ecumenical_altar_inner_sanctum
D:2:      layout_basic, basic_altar, uniq_robin, uniq_terence, uniq_jessica
D:3:      layout_basic
D:4:      layout_layer_cave, nicolae_ru_path_of_blood,
          mainiacjoe_overflow_alcove_1, nicolae_dithmenos_the_darkroom,
          minmay_quadrilaterals

Skill      XL: |  1  2  3  4  5  6 |
---------------+-------------------+-----
Stealth        | 6 7 8 |  8.2
Fighting       | 2 3 |  3.6
Dodging        | 2 3 |  3.9
Short Blades   | 3 4 |  4.5
Throwing       | |  1.5

Action                   |  1- 3 |  4- 6 || total
-------------------------+-------+-------++-------
Melee: Dagger            |    58 |   101 ||   159
       Bite              |     2 |    41 ||    43
       Hand axe          |       |   162 ||   162
Throw: Dart              |     3 |     2 ||     5
  Use: Potion            |       |     3 ||     3
 Stab: Sleeping          |    14 |     7 ||    21
Armor: Leather armour    |     4 |       ||     4
       Ring mail         |     2 |    90 ||    92
Dodge: Dodged            |    27 |   225 ||   252
